 Dungeon Sprint DCSS version 0.24-a0-458-gfcb5e6d (webtiles) character file.

Game seed: 2051629878764734299

98 schets the Skirmisher (level 4, 43/43 HPs)
             Began as a Barachi Fighter on June 27, 2019.
             Quit the game in the Dungeon (Sprint VII: "The Pits").
             The game lasted 00:00:12 (14 turns).

schets the Skirmisher (Barachi Fighter)               Turns: 14, Time: 00:00:12

Health: 43/43      AC:  7    Str: 18    XL:     4   Next: 71%
Magic:  4/4        EV:  7    Int:  9    God:
Gold:   0          SH:  9    Dex: 11    Spells: 3/3 levels left

rFire    . . .     SeeInvis .   a - +0 long sword
rCold    . . .     Gourm    .   c - +0 shield
rNeg     . . .     Faith    .   b - +0 scale mail
rPois    .         Spirit   .   (no helmet)
rElec    .         Reflect  .   (no cloak)
rCorr    .         Harm     .   (no gloves)
MR       .....     NoTele   +   (no boots)
Stlth    ..........             (no amulet)
HPRegen  0.14/turn              (no ring)
MPRegen  0.09/turn              (no ring)

@: slow
A: +LOS, swims, slowness 1, strong legs 1
a: Hop


You were in the Dungeon.
You were not hungry.

You visited 1 branch

Inventory:

Hand Weapons
 a - a +0 long sword (weapon)
Armour
 b - a +0 scale mail (worn)
 c - a +0 shield (worn)
Scrolls
 k - a scroll of blinking
Potions
 d - a potion of might
 e - a potion of curing
 g - a potion of heal wounds
 h - a potion of haste
 i - 2 potions of magic
 j - a potion of berserk rage
Comestibles
 f - a ration


   Skills:
 * Level 7.1 Fighting
 * Level 6.5 Long Blades
 + Level 5.6 Armour
 + Level 5.1 Shields


You had 3 spell levels left.
You didn't know any spells.
Your spell library was empty.

Dungeon Overview and Level Annotations

Branches:
Dungeon (1/1)

Altars:


Innate Abilities, Weirdness & Mutations

Shadows flee at your approach. (+LOS)
You can swim through water.
You cover ground slowly.
You can hop short distances.


Message History

The floating eye's view fixates on you.
The floating eye gazes piercingly through you!
You shrug off the repeated paralysis!
You can move again.
Unknown command.
You slash the floating eye!
You kill the floating eye!
Your Fighting skill gained 4 levels and is now at level 7!
Your Long Blades skill gained 4 levels and is now at level 6!
Your Armour skill gained 2 levels and is now at level 5!
Your Shields skill gained 2 levels and is now at level 5!
You have reached level 2!
You have reached level 3!
Your experience leads to an increase in your attributes!
Increase (S)trength, (I)ntelligence, or (D)exterity?
You feel clever.
You have reached level 4!
You feel stronger.
Unknown command.
Are you sure you want to abandon this character and quit the game? (Confirm with "yes".)

##########++#
#........... +
#......#..#.
######.##............
........@............
###+#####......#..#..
#............
####'#####++
#.......# #.......#
#.......# #...<...#
#.......#


There were no monsters in sight!

Vanquished Creatures
  A floating eye (D)
1 creature vanquished.

Notes
Turn   | Place    | Note
-------+----------+-------------------------------------------
     0 | D        | schets the Barachi Fighter began the quest for the Orb.
     0 | D        | Reached XP level 1. HP: 18/18 MP: 1/1
     8 | D        | Noticed a floating eye
    10 | D        | Paralysed by a floating eye for 3 turns
    13 | D        | Killed a floating eye
    13 | D        | Reached skill level 7 in Fighting
    13 | D        | Reached skill level 5 in Armour
    13 | D        | Reached skill level 5 in Shields
    13 | D        | Reached XP level 2. HP: 31/31 MP: 2/2
    13 | D        | Reached XP level 3. HP: 36/36 MP: 3/3
    13 | D        | Reached XP level 4. HP: 43/43 MP: 4/4
    14 | D        | Quit the game

Levels and vault maps discovered:
D:        pitsprint [storerooms_1, entrance_room_1, metal_vault_5, armoury_3,
          mini_pit_1, grid_room_1, main_hall_1, silver_pit, the_coven_3,
          the_vestibule_1, steel_vault_3, golden_pit, hallway_of_sentries,
          crystal_vault_2, iron_vault_1, final_vault]

Skill      XL: |  1 |
---------------+----+-----
Fighting       | 7 |  7.1
Long Blades    | 6 |  6.5
Armour         | 5 |  5.6
Shields        | 5 |  5.1

Action                   |  1- 3 |  4- 6 || total
-------------------------+-------+-------++-------
Melee: Long sword        |     2 |       ||     2

Table legend:
 A = Non-vault XP
 B = Vault XP
 C = Vault XP percentage of total XP
 D = Non-vault monster count
 E = Vault monster count
 F = Vault count percentage of total count
                 A         B        C        D         E       F
            +---------+---------+-------+---------+---------+-------
      Total |       0 |     141 | 100.0 |       0 |       1 | 100.0
            +---------+---------+-------+---------+---------+-------
          D |       0 |     141 | 100.0 |       0 |       1 | 100.0
            +---------+---------+-------+---------+---------+-------
